 Dungeon Crawl Stone Soup version 0.21.1-1-g345015f (webtiles) character file.

63 n0claF the Ducker (level 3, -2/31 HPs)
             Began as a Minotaur Gladiator on June 22, 2018.
             Slain by a gnoll
             ... wielding a +0 spear
              (5 damage)
             ... on level 2 of the Dungeon.
             The game lasted 00:02:18 (969 turns).

n0claF the Ducker (Minotaur Gladiator)               Turns: 969, Time: 00:02:19

Health: -2/31      AC:  3    Str: 18    XL:     3   Next: 87%
Magic:  2/2        EV: 13    Int:  5    God:
Gold:   98         SH:  0    Dex: 12    Spells: 2/2 levels left

rFire    . . .     SeeInvis .   a - +0 long sword
rCold    . . .     Gourm    .   (no shield)
rNeg     . . .     Faith    .   b - +0 leather armour
rPois    .         Spirit   .   c - +0 hat
rElec    .         Reflect  .   (no cloak)
rCorr    .         Harm     .   (no gloves)
MR       .....                  (no boots)
Stlth    +.........             (no amulet)
HPRegen  0.10/turn              (no ring)
MPRegen  0.08/turn              (no ring)

@: no status effects
A: retaliatory headbutt, horns 2
a: no special abilities


You were on level 2 of the Dungeon.
You were not hungry.

You visited 1 branch of the dungeon, and saw 2 of its levels.

You collected 98 gold pieces.

Inventory:

Hand Weapons
 a - a +0 long sword (weapon)
Missiles
 d - 3 throwing nets (quivered) {!f}
Armour
 b - a +0 leather armour (worn)
 c - a +0 hat (worn)
Jewellery
 f - an uncursed ring of protection from fire {unknown}
   (You found it on level 1 of the Dungeon)
 h - an uncursed amulet of faith {unknown}
   (You found it on level 2 of the Dungeon)
 j - an uncursed ring of wizardry {unknown}
   (You took it off a kobold on level 1 of the Dungeon)
Scrolls
 i - 2 scrolls of identify {@r1}
 m - 2 scrolls of fog
Potions
 k - a potion of curing {unknown}
 l - a potion of magic
Comestibles
 e - 3 rations {!d}
 g - a chunk of flesh


   Skills:
 + Level 3.1 Fighting
 + Level 4.1 Long Blades
 - Level 2.0 Throwing
 * Level 4.2 Dodging
 + Level 1.1 Stealth


You had 2 spell levels left.
You didn't know any spells.

Dungeon Overview and Level Annotations

Branches:
Dungeon (2/15)

Altars:


Innate Abilities, Weirdness & Mutations

You reflexively headbutt those who attack you in melee.
You have a pair of horns on your head.


Message History

A bat comes into view.
A bat is nearby!
The bat hits you but does no damage. The bat closely misses you.
The bat barely misses you.
You riposte.
You hit the bat. You hit the bat but do no damage. The bat closely misses you.
The bat closely misses you.
A bat is nearby!
The bat closely misses you. You furiously retaliate!
You headbutt the bat!
You kill the bat!
No target in view!
No target in view!
Found a yellow potion.
k - a yellow potion
Found 16 gold pieces.
Found a stone staircase leading up.
A gnoll comes into view. It is wielding a flail.
The gnoll shouts!
A gnoll comes into view. It is wielding a club.
A gnoll is nearby!
The gnoll closely misses you.
You hit the gnoll. Your headbutt misses the gnoll.
A gnoll comes into view. It is wielding a spear.
You hit the gnoll. You headbutt the gnoll. The gnoll hits you with a flail.
The gnoll barely misses you.
You hit the gnoll.
You kill the gnoll!
The gnoll hits you but does no damage. The gnoll hits you with a flail.
You barely miss the gnoll. The gnoll hits you but does no damage.
The gnoll barely misses you. The gnoll completely misses you.
You hit the gnoll but do no damage. The gnoll misses you.
The gnoll hits you but does no damage.
You barely miss the gnoll. The gnoll hits you with a flail!
* * * LOW HITPOINT WARNING * * *
The gnoll misses you.
You hit the gnoll. The gnoll barely misses you. The gnoll closely misses you.
You furiously retaliate!
You headbutt the gnoll!
You kill the gnoll!
The gnoll hits you with a spear.
* * * LOW HITPOINT WARNING * * *
You see here a flail.
You hit the gnoll but do no damage. Your headbutt misses the gnoll.
The gnoll closely misses you.
You slash the gnoll! Your headbutt misses the gnoll.
The gnoll hits you with a spear.
* * * LOW HITPOINT WARNING * * *
The gnoll hits you with a spear.
* * * LOW HITPOINT WARNING * * *
You barely miss the gnoll. The gnoll hits you with a spear.
You die...

#### #..
#g#######
###@#..<...
#...).....#
#.........#
#.........#
#.$.......#
###.#######
#.# #.# #.#


You could see a gnoll.

Vanquished Creatures
  2 gnolls (D:2)
  2 oozes (D:1)
  2 dart slugs (D:1)
  2 leopard geckos (D:1)
  A giant cockroach (D:1)
  2 goblins
  7 hobgoblins (D:1)
  4 bats
  A frilled lizard (D:1)
  3 kobolds (D:1)
  5 rats
31 creatures vanquished.

Notes
Turn   | Place    | Note
-------+----------+-------------------------------------------
     0 | D:1      | n0claF the Minotaur Gladiator began the quest for the Orb.
     0 | D:1      | Reached XP level 1. HP: 18/18 MP: 0/0
   158 | D:1      | Reached XP level 2. HP: 23/25 MP: 1/1
   297 | D:1      | Reached XP level 3. HP: 29/30 MP: 2/2
   392 | D:1      | Reached skill level 1 in Stealth
   969 | D:2      | Slain by a gnoll

Skill      XL: |  1  2  3 |
---------------+----------+-----
Long Blades    | 4 |  4.1
Stealth        | 1 |  1.1
Dodging        | 4 |  4.2
Fighting       | 3 |  3.1
Throwing       | |  2.0

Action                   || total
-------------------------++-------
Melee: Long sword        ||    43
       Headbutt          ||     9
  Use: Scroll            ||     4
 Stab: Sleeping          ||     2
Armor: Leather armour    ||     6
Dodge: Dodged            ||    37
       Rpst.: Long sword ||    14
